AoeStats
← CyberAthlete

African Clearing

510566064Analyzed
3v3 RM · 22h ago on Oct 1, 2026· 32m 40s· 6 players
Game mode
Random Map
Map size
Normal (6 player)
Population
200
Speed
Normal
Resources
Standard
Victory
Conquest
Starting age
Dark Age
Ending age
Imperial Age
RankedLock teamsTeams togetherTeam positionsShared explorationLock speedFull tech treeHidden civsTurbo modeCheats
Victory
Defeat
🇮🇳 Vietnamese · India
1181
+14
🇮🇳 Huns · India
1181
+14
🇩🇪 Tupi · Germany
1095
+19
🇨🇴 Khmer · Colombia
1148
-16
🇨🇿 Spanish · Czechia
1144
-16
🇩🇪 Magyars · Germany
1124
-15
krafrijo
7:20 Loom
16:41 Feudal Age
22:44 Castle Age
23:17 Scale Barding Armor
23:12 Fletching
25:33 Bodkin Arrow
27:15 Double-Bit Axe
TheShade
4:53 Loom
14:00 Feudal Age
19:21 Castle Age
17:48 Town Watch
17:54 Town Watch
17:56 Double-Bit Axe
28:34 Bloodlines
32:05 Husbandry
32:33 Fletching
ALEJO7918
3:45 Loom
14:06 Feudal Age
18:12 Castle Age
16:24 Double-Bit Axe
19:39 Bow Saw
21:59 Horse Collar
23:00 Fletching
24:40 Bodkin Arrow
SemperBlender
4:26 Loom
12:27 Feudal Age
12:57 Double-Bit Axe
13:18 Stone Mining
13:20 Horse Collar
17:57 Wheelbarrow
19:36 Gold Mining
22:50 Castle Age
21:37 Fletching
23:45 Bodkin Arrow
24:09 Hand Cart
23:57 Heavy Plow
24:10 Bow Saw
24:46 Gold Shaft Mining
28:58 Town Watch
29:46 Padded Archer Armor
30:39 Ballistics
33:08 Leather Archer Armor
CyberAthlete
8:39 Loom
15:39 Feudal Age
19:32 Castle Age
17:21 Double-Bit Axe
20:28 Gold Mining
21:15 Wheelbarrow
22:36 Scale Barding Armor
22:43 Forging
Aka1412
7:36 Loom
15:45 Feudal Age
20:21 Castle Age
18:15 Fletching
18:37 Double-Bit Axe
19:14 Gold Mining
21:15 Wheelbarrow
21:08 Bodkin Arrow
21:20 Crossbowman
25:35 Thumb Ring
27:26 Bow Saw
31:09 Padded Archer Armor
Connection lost

Rejoining the realm…

Still unreachable

The connection could not be restored.

Session expired

The server has moved on; the page needs a fresh start.